 Dungeon Crawl Stone Soup version 0.18.1-50-g88ac8fd (webtiles) character file.

138 Flanowski the Shield-Bearer (level 5, -6/33 HPs)
             Began as a Gargoyle Fighter on Sept 17, 2016.
             Mangled by a wight
             ... wielding a +3 battleaxe
              (15 damage)
             ... on level 4 of the Dungeon.
             The game lasted 00:05:50 (2639 turns).

Flanowski the Shield-Bearer (Gargoyle Fighter)      Turns: 2639, Time: 00:05:51

Health: -6/33      AC: 12    Str: 21    XL:     5   Next: 21%
Magic:  5/5        EV:  8    Int:  8    God:
Gold:   112        SH:  9    Dex:  9    Spells: 0 memorised, 4 levels left

rFire  x . .     SeeInvis .     a - +0 flail
rCold  + . .     Gourm    .     b - +0 scale mail
rNeg   + . .     Faith    .     c - +0 shield
rPois  ∞         Spirit   .     (no helmet)
rElec  +         Dismiss  .     (no cloak)
rCorr  .         Reflect  .     n - +0 pair of gloves (curse)
SustAt .         Harm     .     (no boots)
MR     .....                    (no amulet)
Stlth  ..........               p - ring of wizardry
                                q - ring of ice

@: not resistant to hostile enchantments, extremely unstealthy
A: negative energy resistance 1, electricity resistance, unbreathing,
petrification resistance, rot immunity, AC +4
a: no special abilities


You were on level 4 of the Dungeon.
You were not hungry.

You visited 1 branch of the dungeon, and saw 4 of its levels.

You collected 112 gold pieces.

Inventory:

Hand Weapons
 a - a +0 flail (weapon)
Armour
 b - a +0 scale mail (worn)
 c - a +0 shield (worn)
 n - a cursed +0 pair of gloves (worn)
Jewellery
 p - a ring of wizardry (right hand)
 q - a ring of ice (left hand)
Scrolls
 e - 2 scrolls of identify {unknown}
 g - 2 scrolls of remove curse {unknown}
 h - 2 scrolls of enchant armour {unknown}
 i - 3 scrolls of fear {unknown}
 r - a scroll of blinking {unknown}
 s - a scroll of noise {unknown}
 w - a scroll of enchant weapon {unknown}
Potions
 d - a potion of might
 j - a potion of ambrosia {unknown}
 m - a potion of haste {unknown}
 o - a potion of cancellation {unknown}
 t - a potion of heal wounds {unknown}
 u - a potion of curing {unknown}
 x - a potion of berserk rage {unknown}
Comestibles
 f - a bread ration
 k - 3 beef jerkies
 l - 2 meat rations


   Skills:
 * Level 4.1 Fighting
 + Level 2.8 Maces & Flails
 + Level 4.1 Armour
 - Level 1.1 Dodging
 + Level 4.2 Shields


You had 4 spell levels left.
You didn't know any spells.

Dungeon Overview and Level Annotations

Branches:
Dungeon (4/15)
 Temple: D:4-7

Altars:
Okawaru
Trog
Vehumet


Innate Abilities, Weirdness & Mutations

You are resistant to torment.
Your stone body is resilient (AC +4).
You are immune to poison.
You resist negative energy.
You are resistant to electric shocks.
You can survive without breathing.
You are immune to petrification.
You are immune to rotting.


Message History

You hit the wight.
The wight is moderately damaged.
You block the wight's attack.
You closely miss the wight.
The wight is moderately damaged.
The wight barely misses you.
You barely miss the wight.
The wight is moderately damaged.
You block the wight's attack.
You hit the wight.
The wight is heavily damaged.
The wight hits you with an enchanted battleaxe.
* * * LOW HITPOINT WARNING * * *
You hit the wight but do no damage.
The wight is heavily damaged.
You block the wight's attack.
You closely miss the wight.
The wight is heavily damaged.
The wight hits you with an enchanted battleaxe!
You die...

# #.###
...
#.########
#z@.......
##########


You could see a wight.

Vanquished Creatures
  Natasha (D:2)
  4 adders (D:2)
  2 worms (D:2)
  7 giant geckos
  3 orcs (D:3)
  8 bats
  3 giant cockroaches (D:2)
  6 goblins
  8 hobgoblins
  2 quokkas
  8 giant newts
  2 kobolds
  10 rats
64 creatures vanquished.

Notes
Turn   | Place    | Note
--------------------------------------------------------------
     0 | D:1      | Flanowski the Gargoyle Fighter began the quest for the Orb.
     0 | D:1      | Reached XP level 1. HP: 14/14 MP: 1/1
    72 | D:1      | Reached XP level 2. HP: 17/19 MP: 2/2
   242 | D:1      | Reached XP level 3. HP: 23/23 MP: 3/3
   970 | D:2      | Found an iron altar of Okawaru.
   971 | D:2      | Found a radiant altar of Vehumet.
  1030 | D:2      | Reached XP level 4. HP: 29/29 MP: 4/4
  1031 | D:2      | Found a bloodstained altar of Trog.
  1431 | D:2      | Noticed Natasha
  1452 | D:2      | Killed Natasha
  1452 | D:2      | Reached skill level 1 in Dodging
  1526 | D:2      | Reached XP level 5. HP: 7/33 MP: 5/5
  1780 | D:2      | Noticed Natasha
  2639 | D:4      | Mangled by a wight

Skill      XL: |  1  2  3  4 |
---------------+-------------+-----
Shields        | 4 |  4.2
Fighting       | 4 |  4.1
Armour         | 4 |  4.1
Dodging        | 1 |  1.1
Maces & Flails | |  2.8

Action                   |  1- 3 |  4- 6 || total
-------------------------+-------+-------++-------
Melee: Flail             |   157 |   155 ||   312
  Eat: Chunk             |       |     6 ||     6
Armor: Scale mail        |   100 |    84 ||   184
Dodge: Dodged            |    63 |    52 ||   115
Block: Shield            |   113 |    79 ||   192
